 Dungeon Crawl Stone Soup version 0.27-a0-1431-gcffa5a9b16 (webtiles) character file.

Game seed: 11933029013494813850

87 Phlounder the Magician (level 4, -6/32 HPs)
             Began as a Djinni Transmuter on July 3, 2021.
             Mangled by a worm (10 damage)
             ... on level 3 of the Dungeon.
             The game lasted 00:07:42 (4199 turns).

Phlounder the Magician (Djinni Transmuter)          Turns: 4199, Time: 00:07:42

Health: -6/32      AC:  2    Str:  9    XL:     4   Next: 80%
Gold:   155        EV: 12    Int: 16    God:
                   SH:  0    Dex: 13

rFire    + + .     SeeInvis .     - Unarmed
rCold    x . .     Faith    .   (no shield)
rNeg     . . .     Spirit   .   a - +0 robe
rPois    ∞         Reflect  .   (helmet currently unavailable)
rElec    .         Harm     .   (no cloak)
rCorr    .         Rampage  .   (no gloves)
Will     .....                  (boots unavailable)
Stlth    +.........             (no amulet)
HPRegen  0.10/turn              (no ring)
MPRegen  0.00/turn              (no ring)

@: appendages, flying
A: horns 2, flying, sickness immunity, fire resistance 2, cold vulnerability 1,
float, innate caster, hp casting, extra vitality 1
a: End Transformation


You were on level 3 of the Dungeon.
You had temporarily grown beastly horns.
You visited 1 branch of the dungeon, and saw 3 of its levels.

You collected 155 gold pieces.

Inventory:

Hand Weapons
 c - a +0 dagger
Missiles
 e - 128 stones (quivered)
Armour
 a - a +0 robe (worn)
Jewellery
 h - a ring of flight
Scrolls
 f - a scroll of identify {unknown}
Potions
 b - 2 potions of lignification {unknown}
 d - a potion of magic {unknown}
 g - 2 potions of heal wounds {unknown}
 i - a potion of ambrosia {unknown}


   Skills:
 - Level 1.0 Fighting
 - Level 2.1 Dodging
 - Level 3.0 Unarmed Combat
 + Level 3.5 Spellcasting


You couldn't memorise any spells.
You knew the following spells:

 Your Spells              Type           Power      Damage    Failure   Level
a - Beastly Appendage     Tmut           28%        N/A       4%          1
b - Wereblood             Tmut           14%        N/A       6%          2
c - Spider Form           Tmut/Pois      7%         N/A       12%         3
d - Ice Form              Ice/Tmut       14%        N/A       38%         4
e - Apportation           Tloc           28%        N/A       4%          1
Your spell library was empty.

Dungeon Overview and Level Annotations

Branches:
Dungeon (3/15)

Altars:

Shops:
D:2 [


Innate Abilities, Weirdness & Mutations

You have temporarily grown beastly horns.
You are flying.
You are immune to sickness and miasma.
You are immune to poison.
Your flesh is very heat resistant. (rF++)
You are vulnerable to cold. (rC-)
You float through the air rather than walking.
You learn spells naturally, not from books.
Your magical power is your life essence.
You have superior vitality. (+4 HP)


Message History

Your primal bloodlust is almost over.
Your primal bloodlust has ended.
Found a stone staircase leading down.
There is a stone staircase leading down here.
A worm comes into view.
Casting: Wereblood (safe; 6% risk of failure)
Confirm with . or Enter, or press ? or * to list all spells.
You grow a pair of large bovine horns.
Casting: Beastly Appendage (safe; 4% risk of failure)
Confirm with . or Enter, or press ? or * to list all spells.
Okay, then.
No target in view!
Throw: 130 stones
Press: ? - help, Q - select action, (/) - cycle Shift-Dir - straight line, f - worm
Aim: a worm (76% to hit)
You throw a stone.
The stone hits the worm but does no damage.
You throw a stone.
The stone hits the worm but does no damage.
You hit the worm. You headbutt the worm!
The worm is severely wounded.
You hit the worm.
The worm is severely wounded.
The worm bites you.
You barely miss the worm.
The worm is severely wounded.
You hit the worm.
The worm is severely wounded.
The worm bites you!
You are too injured to fight recklessly!
You hit the worm.
The worm is almost dead.
You barely miss the worm.
The worm is almost dead.
The worm bites you!
* * * LOW HITPOINT WARNING * * *
You hit the worm.
The worm is almost dead.
The worm bites you!
You die...

#.# #....##. #.#
#..#.##. #.#
.....#.##. #.###
#....##.##. #...#
##....##.... ###.#
..##..##..###
###.#####...##..##..#
#..>.........####.(.#
#.#.##@####.. ##...#
#.#.#.w...# #(...# #
#...(....... #....#
###..##.#..# ##..####
.... ....####......
######...##..##...##
##...##..##...##
#...##....##....
#...##....##..##


You could see a worm.

Vanquished Creatures
  2 adders (D:2)
  A dart slug (D:3)
  5 bats
  5 endoplasms
  4 giant cockroaches
  10 goblins
  6 hobgoblins
  5 jackals
  6 kobolds
  2 quokkas
  5 ball pythons
  2 frilled lizards
  7 rats
60 creatures vanquished.

Notes
Turn   | Place    | Note
-------+----------+-------------------------------------------
     0 | D:1      | Phlounder the Djinni Transmuter began the quest for the
                  | Orb.
     0 | D:1      | Reached XP level 1. HP: 17/17 MP: 0/0
   309 | D:1      | Reached XP level 2. HP: 9/22 MP: 0/0
  1120 | D:1      | Reached XP level 3. HP: 9/27 MP: 0/0
  1120 | D:1      | Learned a level 1 spell: Apportation
  2508 | D:2      | Reached XP level 4. HP: 17/32 MP: 0/0
  2742 | D:2      | Found Issux's Armour Boutique.
  4199 | D:3      | Mangled by a worm

Illustrated notes

Levels and vault maps discovered:
D:1:      lightli_arrival_boilingwater, layout_loops_ring,
          kennysheep_minor_cross, minmay_curled_crystal
D:2:      layout_rooms, serial_shops, nicolae_diamond_shop, serial_forest,
          infiniplex_forest_zigzag_1, infiniplex_forest_straight_3,
          infiniplex_forest_lined_4_way, infiniplex_forest_end_1,
          infiniplex_forest_lined_1, infiniplex_forest_clump_medium,
          infiniplex_forest_lined_2, infiniplex_forest_lined_4_way,
          infiniplex_forest_clump_curved, hangedman_feature_mirror,
          roderic_serpentine_path, st_stairs_4
D:3:      layout_loops_cross, ebering_ecumenical_altar_box, grunt_ministairs_2,
          minmay_misc_feat_x, corexii_shack

Skill      XL: |  1  2  3 |
---------------+----------+-----
Spellcasting   | 2 3 |  3.5
Fighting       | |  1.0
Dodging        | |  2.1
Unarmed Combat | |  3.0

Action                   |  1- 3 |  4- 6 || total
-------------------------+-------+-------++-------
Melee: Unarmed           |   147 |    75 ||   222
       Headbutt          |    17 |    14 ||    31
       Punch             |     1 |       ||     1
Throw: Stone             |     2 |     2 ||     4
 Cast: Beastly Appendage |    23 |    19 ||    42
       Wereblood         |     4 |     2 ||     6
 Stab: Sleeping          |     2 |     2 ||     4
Armor: Robe              |    21 |    12 ||    33
Dodge: Dodged            |    89 |    34 ||   123

Table legend: (Time is in decaauts)
 A = Elapsed time spent in this place.
 B = Non-inter-level travel time spent in this place.
 C = Inter-level travel time spent in this place.
 D = Time resting spent in this place.
 E = Time spent auto-exploring this place.
 F = Levels seen in this place.
 G = Mean time per level.
                   A        B        C        D        E       F      G
               +--------+--------+--------+--------+--------+-----+--------+
         Total |   4186 |   4113 |     73 |      2 |   3643 |   3 | 1395.3 |
       Dungeon |   4186 |   4113 |     73 |      2 |   3643 |   3 | 1395.3 |
               +--------+--------+--------+--------+--------+-----+--------+

Top non-repeatable levels by time:
     D:1: 2187 daAuts
     D:2: 1709 daAuts
     D:3: 289 daAuts
